 Dungeon Crawl Stone Soup version 0.15-a0-2130-g28e4b74 (webtiles) character file.

5772 Conan321 the Thaumaturge (level 10, -1/52 HPs)
             Began as a Deep Elf Necromancer on July 17, 2014.
             Was a Priest of Kikubaaqudgha.
             Succumbed to a manticore's barbed spikes
             ... on Level 10 of the Dungeon.
             The game lasted 01:33:40 (12349 turns).

Conan321 the Thaumaturge (Deep Elf Necromancer)    Turns: 12349, Time: 01:33:40

HP  -1/52        AC  7     Str 12      XL: 10   Next: 49%
MP  23/33        EV 15     Int 29      God: Kikubaaqudgha [***...]
Gold 284         SH  0     Dex 15      Spells:  9 memorised,  6 levels left

rFire  . . .     SeeInvis .     b - +3 arbalest (flame)
rCold  . . .     Rnd*Rage +     Q - +1 robe "Lucvuc" {rPois Int+3 Curse}
rNeg   . . .     rCorr    .     (no shield)
rPois  +         rRot     .     f - +0 helmet
rElec  .         Spirit   .     (no cloak)
SustAb .         Warding  .     (no gloves)
rMut   .         Stasis   .     L - +0 pair of boots
Gourm  .                        (no amulet)
MR     +....                    q - +5 ring of strength
                                R - +2 ring of strength

@: manticore barbs, very slightly contaminated, regenerating, somewhat resistant
to hostile enchantments, unstealthy
A: thin metallic scales 1, berserk 1, clever 1, spit poison 1
a: Spit Poison, Receive Corpses, Renounce Religion


You were on level 10 of the Dungeon.
You worshipped Kikubaaqudgha.
Kikubaaqudgha was most pleased with you.
You were hungry.

You visited 2 branches of the dungeon, and saw 11 of its levels.

You collected 466 gold pieces.
You spent 182 gold pieces at shops.

Inventory:

Hand weapons
 a - the +6 mace "Gheylerue" {crush, rF+ Int+2}
   (You found it on level 9 of the Dungeon)

   It inflicts extra damage upon your enemies.
   It affects your intelligence (+2).
   It protects you from fire.
 b - a +3 arbalest of flaming (weapon)
 F - a +2 hunting sling of freezing
Missiles
 o - 90 sling bullets
 u - 17 arrows of flame
 w - 3 tomahawks
 A - 14 poisoned sling bullets
 E - 11 exploding sling bullets
 O - 44 bolts (quivered)
Armour
 f - a +0 helmet (worn)
 h - the -5 leather armour of Narcissism {+Blink}
   (You found it on level 4 of the Dungeon)

   It lets you blink.
 L - a +0 pair of boots (worn)
 Q - the +1 robe "Lucvuc" (worn) {rPois Int+3 Curse}
   (You found it on level 9 of the Dungeon)

   It affects your intelligence (+3).
   It protects you from poison.
   It may recurse itself when equipped.
Magical devices
 i - a wand of flame (9)
 j - a wand of polymorph (16) {unknown}
 t - a wand of draining (5) {unknown}
 J - a wand of cold (11) {unknown}
 V - a wand of slowing (14) {unknown}
 X - a wand of fire (4) {unknown}
 Z - a wand of flame (11)
Comestibles
 c - 6 bread rations
 r - 5 meat rations
Scrolls
 g - 2 scrolls of fog
 k - a scroll of summoning {unknown}
 l - 18 scrolls of identify
 m - a scroll of amnesia
 n - a scroll of remove curse
 p - 4 scrolls of enchant armour
 S - 2 scrolls of noise {unknown}
 T - a scroll of teleportation
Jewellery
 q - a +5 ring of strength (right hand)
 R - a +2 ring of strength (left hand)
Potions
 z - 3 potions of brilliance
 C - a potion of confusion
 H - a potion of mutation
Books
 e - Kikubaaqudgha's Catalogue of Black Rites
   (Kikubaaqudgha gifted it to you on level 9 of the Dungeon)

   Spells                             Type                      Level
   *Animate Dead                      Necromancy                   4
   Excruciating Wounds                Charms/Necromancy            5
   *Dispel Undead                     Necromancy                   5
   Twisted Resurrection               Necromancy                   5
   *Death Channel                     Necromancy                   6
 v - a book of Necromancy

   Spells                             Type                      Level
   *Pain                              Necromancy                   1
   Animate Skeleton                   Necromancy                   1
   *Vampiric Draining                 Necromancy                   3
   *Regeneration                      Charms/Necromancy            3
   *Animate Dead                      Necromancy                   4
   *Control Undead                    Necromancy                   4
 G - Kikubaaqudgha's Reference Book on Black Rituals
   (Kikubaaqudgha gifted it to you on level 5 of the Dungeon)

   Spells                             Type                      Level
   *Pain                              Necromancy                   1
   *Corpse Rot                        Necromancy                   2
   Sublimation of Blood               Necromancy                   2
   *Regeneration                      Charms/Necromancy            3
   *Control Undead                    Necromancy                   4
 I - a book of Cantrips

   Spells                             Type                      Level
   Corona                             Hexes                        1
   Animate Skeleton                   Necromancy                   1
   *Summon Small Mammal               Summoning                    1
   Apportation                        Translocation                1
Magical staves
 U - an uncursed staff of power
Miscellaneous
 d - a sack of spiders


   Skills:
 + Level 1.1 Fighting
   Level 1.2 Long Blades
 + Level 0.7 Maces & Flails
 + Level 0.4 Slings
 + Level 1.1 Crossbows
 + Level 2.2 Armour
 + Level 5.4 Dodging
 + Level 3.6 Stealth
 + Level 13.2 Spellcasting
 + Level 1.3 Charms
 + Level 12.5 Necromancy


You had 6 spell levels left.
You knew the following spells:

 Your Spells              Type           Power        Failure   Level  Hunger
a - Pain                  Necr           ####         0%          1    None
b - Control Undead        Necr           ######....   1%          4    None
c - Vampiric Draining     Necr           ######....   1%          3    None
d - Animate Dead          Necr           N/A          1%          4    None
e - Regeneration          Chrm/Necr      ######....   1%          3    None
f - Corpse Rot            Necr           N/A          1%          2    None
g - Summon Small Mammal   Summ           ###.         2%          1    None
h - Dispel Undead         Necr           ######..     1%          5    None
i - Death Channel         Necr           ######....   2%          6    ####...


Dungeon Overview and Level Annotations

Branches:
Dungeon (10/15)            Temple (1/1) D:4            Lair (0/8) D:10
    Orc: D:9-12

Altars:
Ashenzari
Elyvilon
Fedhas
Gozag
Kikubaaqudgha
Makhleb
Nemelex Xobeh
Okawaru
Qazlal
Sif Muna
Trog
Vehumet
Zin
The Shining One

Shops:
D:4 }:[}   D:8 ?:=?


Innate Abilities, Weirdness & Mutations

You are partially covered in thin metallic scales (AC +2).
You tend to lose your temper in combat.
Your mind is acute. (Int +2)
You can spit poison.


Message History

Confirm with . or Enter, or press ? or * to list all spells.
Okay, then.
The barbed spikes dig painfully into your body as you move.
* * * LOW HITPOINT WARNING * * *
The barbed spikes dig painfully into your body as you move.
* * * LOW HITPOINT WARNING * * *
Read which item? (? for menu, Esc to quit)
Okay, then.
Use which ability? (? or * to list)
Okay, then.
Evoke which item? (* to show all) (? for menu, Esc to quit)
Okay, then.
Casting: Pain
Confirm with . or Enter, or press ? or * to list all spells.
Okay, then.
Evoke which item? (* to show all) (? for menu, Esc to quit)
Okay, then.
The barbed spikes dig painfully into your body as you move.
You die...
Kikubaaqudgha rasps: "You have failed me!
Welcome... death!"

......
#...########
####..
#...#.......
#...########
#..(# #...#
#...#
######...#
.....#...#
######..@#
#...# #...#
#...####### #
#...(.....#.#.#
#########H....#
##........
#######


There were no monsters in sight!

Vanquished Creatures
  Pikel (D:9)
  A manticore (D:10)
  Joseph (D:8)
  A troll (D:9)
  A spriggan (D:7)
  A wyvern (D:9)
  A hungry ghost (D:9)
  A black bear (D:8)
  3 orc warriors
  2 ice beasts
  3 phantoms
  2 centaurs
  4 ogres
  14 killer bees
  2 giant frogs
  3 scorpions
  A troll skeleton (D:9)
  A yak skeleton (D:9)
  The ghost of doordancer the Magician, a weakling DEIE of Cheibriados (D:5)
  2 orc priests
  4 hounds
  A jelly (D:6)
  A soldier ant zombie (D:8)
  4 crimson imps
  6 orc wizards
  6 worker ants
  Natasha (thrice) (D:6)
  3 iguanas
  3 gnolls
  A worker ant zombie (D:6)
  8 adders
  An inept feature mimic (D:9)
  4 worms
  A giant gecko (D:1)
  27 orcs
  3 ball pythons
  A bat skeleton (D:6)
  A bat zombie (D:5)
  5 giant cockroaches
  A giant mite zombie (D:6)
  13 hobgoblins
  10 kobolds
  4 quokkas
  10 bats
  5 giant newts
  17 goblins
  2 hobgoblin skeletons
  A hobgoblin zombie (D:6)
  20 jackals
  A kobold skeleton (D:7)
  An orc zombie (D:6)
  18 rats
232 creatures vanquished.

Vanquished Creatures (collateral kills)
  2 killer bees (D:9)
  2 centaurs
  An ogre (D:9)
  A giant frog (D:8)
  A goliath beetle (D:8)
  2 crimson imps
  3 jellies
  A hound (D:8)
  A statue (D:7)
  An adder (D:7)
  2 green rats (D:10)
  A shadow imp (D:6)
  2 giant mites
  A worm (D:3)
  2 giant geckos
  2 orcs
  3 goblins
  3 hobgoblins
  3 jackals
  A ball python (D:1)
  4 bats
  2 giant newts
  A kobold (D:4)
  2 rats
  A rat skeleton (D:6)
  3 fungi (D:10)
48 creatures vanquished.

Vanquished Creatures (others)
  A fire drake (D:9)
  4 slaves (D:9)
  An ice beast (D:9)
  A human zombie (D:9)
  4 killer bee zombies
  A centaur zombie (D:8)
  A giant frog zombie (D:8)
  A black bear zombie (D:8)
  2 hound zombies
  A scorpion zombie (D:5)
  A worker ant zombie (D:9)
  2 felid zombies (D:6)
  An iguana zombie (D:8)
  An adder zombie (D:4)
  2 bats (D:8)
  A bat skeleton (D:1)
  A kobold (D:9)
  A quokka (D:9)
  A ball python skeleton (D:3)
  A giant cockroach zombie (D:7)
  A giant newt skeleton (D:2)
  A giant newt zombie (D:5)
  2 goblin skeletons (D:1)
  3 goblin zombies
  2 hobgoblin skeletons
  4 hobgoblin zombies
  4 jackal zombies
  A kobold skeleton (D:1)
  2 kobold zombies
  10 orc zombies
  A quokka zombie (D:6)
  A rat (D:8)
  3 rat skeletons
  2 rat zombies
66 creatures vanquished.

Grand Total: 346 creatures vanquished

Notes
Turn   | Place    | Note
--------------------------------------------------------------
     0 | D:1      | Conan321, the Deep Elf Necromancer, began the quest for the Orb.
     0 | D:1      | Reached XP level 1. HP: 10/10 MP: 5/5
    22 | D:1      | Reached skill level 5 in Necromancy
   217 | D:1      | Learned a level 1 spell: Animate Skeleton
   284 | D:1      | Reached XP level 2. HP: 13/15 MP: 4/8
   661 | D:2      | Reached XP level 3. HP: 15/19 MP: 5/11
   810 | D:2      | Learned a level 3 spell: Vampiric Draining
  1220 | D:2      | Reached XP level 4. HP: 20/24 MP: 10/15
  1234 | D:2      | Learned a level 4 spell: Animate Dead
  1263 | D:2      | Reached skill level 6 in Necromancy
  2166 | D:3      | Learned a level 3 spell: Regeneration
  2358 | D:3      | Found a glowing silver altar of Zin.
  2593 | D:3      | Found a glowing golden altar of the Shining One.
  2919 | D:4      | Reached XP level 5. HP: 24/28 MP: 13/18
  2924 | D:4      | Found a staircase to the Ecumenical Temple.
  2941 | D:4      | Reached skill level 5 in Spellcasting
  2945 | Temple   | Entered the Ecumenical Temple
  2989 | Temple   | Became a worshipper of Kikubaaqudgha
  3104 | D:4      | Noticed an ice beast
  3118 | D:4      | Killed an ice beast
  3118 | D:4      | Reached skill level 7 in Necromancy
  3118 | D:4      | Reached XP level 6. HP: 19/32 MP: 10/21
  3168 | D:4      | Found Teifoit Tir's Gadget Shop.
  3303 | D:4      | Gained mutation: Your mind is acute. (Int +2) [mutagenic glow]
  3342 | D:4      | Gained mutation: You are partially covered in thin metallic scales (AC +2). [mutagenic glow]
  3564 | D:4      | Got a transparent leather armour
  3572 | D:4      | Identified the -5 leather armour of Narcissism {+Blink} (You found it on level 4 of the Dungeon)
  3574 | D:4      | Found Ecatigga's Antique Armour Shop.
  3587 | D:4      | Bought a glowing leather armour for 46 gold pieces
  3587 | D:4      | Bought a dyed leather armour for 46 gold pieces
  3739 | D:4      | Found Paotatwefir's Gadget Boutique.
  3958 | D:4      | Found Mivic's Book Emporium.
  3968 | D:4      | Found a burning altar of Makhleb.
  4001 | D:4      | Noticed an ogre
  4009 | D:4      | Killed an ogre
  4225 | D:4      | Noticed a phantom
  4239 | D:4      | Killed a phantom
  4239 | D:4      | Reached skill level 1 in Armour
  4239 | D:4      | Reached skill level 8 in Necromancy
  4239 | D:4      | Reached XP level 7. HP: 28/36 MP: 24/24
  4273 | D:4      | Noticed a moth of wrath
  4275 | D:4      | Found a bloodstained altar of Trog.
  4511 | D:5      | Entered Level 5 of the Dungeon
  5084 | D:5      | Acquired Kikubaaqudgha's first power
  5084 | D:5      | Received a gift from Kikubaaqudgha
  5087 | D:5      | Identified Kikubaaqudgha's Reference Book on Black Rituals (Kikubaaqudgha gifted it to you on level 5 of the Dungeon)
  5358 | D:5      | Noticed doordancer's ghost (weakling DEIE)
  5486 | D:5      | Killed doordancer's ghost
  5709 | D:5      | Reached XP level 8. HP: 36/41 MP: 15/27
  5826 | D:6      | Noticed Natasha
  5846 | D:6      | Killed Natasha
  6046 | D:6      | Your ally Natasha died
  6054 | D:5      | Reached skill level 9 in Necromancy
  6362 | D:6      | Learned a level 4 spell: Control Undead
  6446 | D:6      | Noticed Natasha
  6464 | D:6      | Killed Natasha
  6638 | D:6      | Reached skill level 1 in Charms
  6790 | D:6      | Your ally Natasha died
  7012 | D:6      | Noticed Natasha
  7013 | D:6      | Killed Natasha
  7365 | D:7      | Found a white marble altar of Elyvilon.
  7767 | D:7      | Found an iron altar of Okawaru.
  7914 | D:7      | Found a radiant altar of Vehumet.
  7944 | D:7      | Reached skill level 10 in Necromancy
  7954 | D:7      | Found a shattered altar of Ashenzari.
  8229 | D:7      | Reached skill level 10 in Spellcasting
  8363 | D:7      | Found a deep blue altar of Sif Muna.
  8668 | D:8      | Reached XP level 9. HP: 41/45 MP: 25/30
  8677 | D:8      | Acquired Kikubaaqudgha's second power
  8681 | D:8      | Learned a level 2 spell: Corpse Rot
  8683 | D:8      | Learned a level 1 spell: Summon Small Mammal
  8728 | D:8      | Found Ihoits' Book Boutique.
  8745 | D:8      | Found a blossoming altar of Fedhas.
  8792 | D:8      | Found Ale Teusm's Magic Scroll Emporium.
  8810 | D:8      | Found Jacis' Jewellery Boutique.
  8890 | D:8      | Reached skill level 1 in Long Blades
  9459 | D:8      | Reached skill level 11 in Necromancy
  9541 | D:8      | Reached skill level 1 in Fighting
  9669 | D:8      | Noticed Joseph
  9697 | D:8      | Killed Joseph
  9782 | D:8      | Found Esyelo's Magic Scroll Shop.
  9790 | D:8      | Bought a scroll of blinking for 90 gold pieces
  9909 | D:9      | Found a staircase to the Lair.
  9909 | D:9      | Noticed a fire drake
  9909 | D:9      | Noticed Pikel
  9914 | D:9      | Killed Pikel
  9914 | D:9      | Reached skill level 12 in Spellcasting
  9923 | D:9      | Killed a fire drake
  9947 | D:10     | Entered Level 10 of the Dungeon
 10189 | D:9      | Got a thick robe
 10196 | D:9      | Identified the +1 robe "Lucvuc" {rPois Int+3 Curse} (You found it on level 9 of the Dungeon)
 10286 | D:9      | Reached XP level 10. HP: 25/52 MP: 8/33
 10334 | D:9      | Reached skill level 5 in Dodging
 11218 | D:9      | Got a transparent mace
 11219 | D:9      | Identified the +6 mace "Gheylerue" {crush, rF+ Int+2} (You found it on level 9 of the Dungeon)
 11558 | D:9      | Gained mutation: You tend to lose your temper in combat. [potion of mutation]
 11558 | D:9      | Gained mutation: You can spit poison. [potion of mutation]
 11619 | D:9      | the staircase to the Lair was a mimic.
 11690 | D:9      | Received a gift from Kikubaaqudgha
 11699 | D:9      | Identified Kikubaaqudgha's Catalogue of Black Rites (Kikubaaqudgha gifted it to you on level 9 of the Dungeon)
 11706 | D:9      | Learned a level 5 spell: Dispel Undead
 11713 | D:9      | Learned a level 6 spell: Death Channel
 12012 | D:10     | Reached skill level 13 in Spellcasting
 12098 | D:10     | Reached skill level 1 in Crossbows
 12143 | D:10     | Found a staircase to the Lair.
 12333 | D:10     | Noticed a manticore
 12346 | D:10     | Killed a manticore
 12348 | D:10     | HP: 2/52 [barbs]
 12349 | D:10     | Succumbed to a manticore's barbed spikes

Action                   |  1- 3 |  4- 6 |  7- 9 | 10-12 || total
-------------------------+-------+-------+-------+-------++-------
Melee: Unarmed           |     1 |       |       |       ||     1
       Dagger            |       |     2 |       |       ||     2
       Falchion          |       |     8 |   188 |    22 ||   218
       Short sword       |       |     8 |       |       ||     8
       Mace              |       |       |       |    29 ||    29
       Staff             |       |       |       |     2 ||     2
 Fire: Hunting sling     |       |       |     9 |       ||     9
       Arbalest          |       |       |       |    24 ||    24
 Cast: Pain              |    52 |    89 |   228 |    44 ||   413
       Animate Skeleton  |    10 |     7 |     1 |       ||    18
       Animate Dead      |       |    10 |    35 |     7 ||    52
       Regeneration      |       |     2 |     5 |     1 ||     8
       Vampiric Draining |       |    10 |    36 |    11 ||    57
       Control Undead    |       |       |     3 |       ||     3
       Summon Small Mamm |       |       |     3 |     1 ||     4
       Corpse Rot        |       |       |     3 |     1 ||     4
       Dispel Undead     |       |       |       |     2 ||     2
       Death Channel     |       |       |       |     1 ||     1
  Use: Scroll            |     3 |     4 |     9 |     4 ||    20
       Potion            |       |     8 |     2 |     5 ||    15
 Stab: Distracted        |     1 |       |       |       ||     1
       Sleeping          |       |       |     2 |       ||     2
  Eat: Chunk             |       |     4 |    17 |     4 ||    25
       Meat ration       |       |     1 |       |       ||     1
       Beef jerky        |       |     1 |     2 |       ||     3
       Bread ration      |       |       |       |     2 ||     2
